 Dungeon Crawl Stone Soup version 0.19.0-9-gfd783f2 (webtiles) character file.

69720 JeffiDaFish the Carver (level 15, 0/83 HPs)
             Began as a Gargoyle Fighter on Nov 8, 2016.
             Was the Champion of Makhleb.
             Killed from afar by Roxanne (57 damage)
             ... with a bolt of magma
             ... on level 14 of the Dungeon.
             The game lasted 00:50:25 (18024 turns).

JeffiDaFish the Carver (Gargoyle Fighter)          Turns: 18024, Time: 00:50:26

Health: 0/83       AC: 33    Str: 33    XL:     15   Next: 30%
Magic:  11/11      EV:  9    Int: 18    God:    Makhleb [******]
Gold:   487        SH: 22    Dex: 12    Spells: 2 memorised, 13 levels left

rFire  x . .     SeeInvis +     D - +9 long sword of the Beast {slice, Str+3 SInv}
rCold  . . .     Gourm    .     p - +0 plate armour
rNeg   + . .     Faith    .     c - +5 shield
rPois  ∞         Spirit   .     (helmet restricted)
rElec  +         Reflect  +     e - +0 cloak of Lodull {rElec rF- Int+2}
rCorr  .         Harm     .     q - +2 pair of gloves
MR     +++..                    (no boots)
Stlth  ..........               F - +3 amulet of reflection
                                u - ring of Raaff {Wiz rPois MR++ MP-9 Str+4}
                                G - +5 ring of intelligence

@: mighty
A: big wings, horns 1, talons 1, molten scales 1, frail 1, negative energy
resistance 1, electricity resistance, unbreathing, petrification resistance, rot
immunity, AC +11
a: Fly, Minor Destruction, Lesser Servant of Makhleb, Major Destruction, Greater
Servant of Makhleb, Renounce Religion


You were on level 14 of the Dungeon.
You worshipped Makhleb.
Makhleb was exalted by your worship.
You were not hungry.

You visited 3 branches of the dungeon, and saw 21 of its levels.
You also visited: Sewer.

You collected 1337 gold pieces.
You spent 850 gold pieces at shops.

Inventory:

Hand Weapons
 C - the +4 trident "Qotzelar" {pierce, +Fly rF++ MR-}
   (You found it on level 13 of the Dungeon)

   It inflicts extra damage upon your enemies.
   It greatly protects you from fire.
   It affects your resistance to hostile enchantments.
   It lets you fly.
 D - the +9 long sword of the Beast (weapon) {slice, Str+3 SInv}
   (You found it on level 9 of the Dungeon)

   It inflicts extra damage upon your enemies.
   It affects your strength (+3).
   It lets you see invisible.
Armour
 c - a +5 shield (worn)
 e - the +0 cloak of Lodull (worn) {rElec rF- Int+2}
   (You found it on level 6 of the Lair of Beasts)

   It affects your intelligence (+2).
   It makes you vulnerable to fire.
   It insulates you from electricity.
 p - a +0 plate armour (worn)
 q - a +2 pair of gloves (worn)
Jewellery
 u - the ring of Raaff (right hand) {Wiz rPois MR++ MP-9 Str+4}
   (You found it on level 6 of the Lair of Beasts)

   [ring of wizardry]

   It improves your spell success rate.
   It affects your strength (+4).
   It protects you from poison.
   It affects your resistance to hostile enchantments.
   It affects your magic capacity (-9).
 F - a +3 amulet of reflection (around neck)
 G - a +5 ring of intelligence (left hand)
Wands
 I - a wand of teleportation (5/9)
Scrolls
 a - 11 scrolls of teleportation
 g - 5 scrolls of remove curse
 k - 4 scrolls of fear
 l - 3 scrolls of recharging
 n - 3 scrolls of blinking
 r - 4 scrolls of identify
 z - a scroll of magic mapping
Potions
 d - 6 potions of might
 j - 2 potions of cure mutation
 o - 4 potions of curing
 t - a potion of magic
 v - 5 potions of haste
 w - 2 potions of resistance
 x - 2 potions of brilliance
 B - a potion of invisibility
 H - a potion of flight
Books
 i - a Young Poisoner's Handbook

   Spells                             Type                      Level
   a - Sting                          Conjuration/Poison           1
   b - Mephitic Cloud                 Conjuration/Poison/Air       3
   c - Olgreb's Toxic Radiance        Poison                       4
   d - Alistair's Intoxication        Transmutation/Poison         5
   e - Venom Bolt                     Conjuration/Poison           5
 m - a book of Cantrips

   Spells                             Type                      Level
   a - Confusing Touch                Hexes                        1
   b - Animate Skeleton               Necromancy                   1
   c - Summon Small Mammal            Summoning                    1
   d - Apportation                    Translocation                1
 L - a book of Misfortune

   Spells                             Type                      Level
   a - Confusing Touch                Hexes                        1
   b - Confuse                        Hexes                        3
   c - Gell's Gravitas                Hexes/Translocation          3
   d - Petrify                        Transmutation/Earth          4
   e - Metabolic Englaciation         Hexes/Ice                    5
   f - Yara's Violent Unravelling     Hexes/Transmutation          5
Comestibles
 b - 5 chunks of flesh
 f - 9 bread rations
 h - 14 meat rations
 s - 27 fruits
 A - 8 slices of pizza
 E - a beef jerky


   Skills:
 * Level 10.8 Fighting
 * Level 13.4 Long Blades
   Level 10.4 Maces & Flails
 * Level 11.2 Armour
 - Level 2.2 Dodging
 - Level 1.2 Stealth
 * Level 12.6 Shields
 + Level 3.9 Spellcasting
 + Level 5.9 Conjurations
 + Level 5.0 Poison Magic


You had 13 spell levels left.
You knew the following spells:

 Your Spells              Type           Power        Failure   Level  Hunger
b - Confuse               Hex            #.......     98%         3    ###....
c - Venom Bolt            Conj/Pois      ###.......   98%         5    ######.


Dungeon Overview and Level Annotations

Branches:
Dungeon (14/15)            Temple (1/1) D:4            Lair (6/6) D:11
  Swamp (0/4) Lair:3       Spider (0/4) Lair:3        Slime (0/5) Lair:5
    Orc (0/2) D:12         Vaults (0/5) D:14

Altars:
Ashenzari
Cheibriados
Elyvilon
Gozag
Hepliaklqana
Makhleb
Nemelex Xobeh
Okawaru
Qazlal
Ru
Uskayaw
Vehumet
Xom
Yredelemnul
Zin
The Shining One

Shops:
D:8 ?   D:9 (   D:14 *

Annotations:
D:8 exclusion: statue
D:14 exclusion: Roxanne, Roxanne


Innate Abilities, Weirdness & Mutations

You are resistant to torment.
Your stone body is resilient. (AC +11)
You are immune to poison.
Your large and strong wings let you fly indefinitely.
You resist negative energy. (rN+)
You are resistant to electric shocks. (rElec)
You can survive without breathing.
You are immune to petrification.
You are immune to rotting.
You have a pair of small horns on your head.
You have sharp toenails.
You are partially covered in molten scales. (AC +2)
You are frail. (-10% HP)


Message History

You hit Roxanne but do no damage. You claw Roxanne, but do no damage.
Roxanne is moderately damaged.
You hit Roxanne but do no damage. You claw Roxanne, but do no damage.
Roxanne is moderately damaged.
You hit Roxanne but do no damage. You claw Roxanne.
Roxanne is moderately damaged.
You hit Roxanne. You claw Roxanne, but do no damage. You headbutt Roxanne!
Roxanne is moderately damaged.
Roxanne sighs and says, "It wouldn't be so bad were it not for the bird droppings."
You slice Roxanne!! You claw Roxanne, but do no damage.
You headbutt Roxanne, but do no damage.
Roxanne is heavily damaged.
You slice Roxanne!! You claw Roxanne. You headbutt Roxanne, but do no damage.
Roxanne is severely damaged.
You hit Roxanne. You claw Roxanne, but do no damage. You headbutt Roxanne!
Roxanne is almost destroyed.
Roxanne mumbles some strange words.
The bolt of magma hits you! The lava burns you terribly!
Ouch! That really hurt!
You die...

#.##....##..)..# #.......#.......
#####.###.##.##. #.# #.##....
##.###.#####. ######## #########
#...##.##..÷÷ .......#
#.......####......÷)...)
.#####.###.####.........#.###....
.####.........#.@.##.####.....###
.##....###.##.#.8.##.# #####.#
.##.##.# #.##......#.## ##.##
.......# #.........#..######...#
###.#### #####..#..............#
###.# #.......#######...# ....#
#.##..#.#§§§§§#...# .####
########.......#§...§#...# .#
#.....##.##..#.#§.∩.§#...##


You could see Roxanne.

Vanquished Creatures
  Kirke (D:14)
  Frances (D:14)
  A dire elephant (Lair:6)
  Josephine (Lair:5)
  A yaktaur captain (D:14)
  Harold (D:11)
  A hydra (D:8)
  Erica (Lair:1)
  2 centaur warriors (D:13)
  2 catoblepae
  A deep troll shaman (Lair:6)
  3 death yaks (Lair:6)
  Nergalle (D:11)
  An unseen horror (D:10)
  Pikel (D:5)
  3 hill giants
  3 cyclopes
  11 ugly things
  An oklob plant (Lair:4)
  A deep elf mage (D:14)
  4 elephants (Lair:6)
  2 manticores
  18 spiny frogs
  A black mamba (Lair:6)
  3 torpor snails (Lair:5)
  Psyche (D:11)
  The ghost of Nathiuz the Skirmisher, a novice DsAK of Lugonu (D:5)
  3 rime drakes
  A komodo dragon (shapeshifter) (D:11)
  13 komodo dragons
  A yaktaur (D:14)
  3 kobold demonologists
  An efreet (D:13)
  4 trolls
  Grinder (D:5)
  A polar bear (shapeshifter) (D:14)
  A hornet (D:9)
  2 polar bears (Lair:6)
  Prince Ribbit (D:5)
  9 hippogriffs
  14 blink frogs
  9 dream sheep
  A shadow (D:11)
  A redback (Lair:3)
  4 wyverns
  5 basilisks
  5 wraiths (Lair:5)
  4 hogs (D:14)
  62 yaks
  5 hungry ghosts
  3 vampire mosquitoes (Lair:3)
  A warg (D:12)
  Duvessa (D:4)
  11 water moccasins
  6 porcupines
  5 ice beasts
  6 orc warriors
  4 black bears
  2 sky beasts
  6 ogres
  7 wolves
  7 centaurs
  15 crocodiles
  6 big kobolds
  35 bullfrogs
  2 wyvern zombies
  Dowan (D:4)
  A wyvern skeleton (D:7)
  5 scorpions
  10 killer bees
  19 wights
  3 howler monkeys (D:12)
  4 crimson imps
  2 bullfrog skeletons
  6 jellies
  6 orc priests
  A bullfrog zombie (D:11)
  12 orc wizards
  5 hounds
  2 centaur skeletons
  4 iguanas
  15 worker ants
  3 worker ant zombies
  11 adders
  4 gnolls (D:8)
  2 howler monkey skeletons
  7 river rats
  5 shadow imps
  6 oozes
  An adder skeleton (D:4)
  3 worms
  5 dart slugs
  A leopard gecko (D:7)
  36 orcs
  4 ball pythons
  8 bats
  4 giant cockroaches
  7 goblins
  4 hobgoblins
  7 jackals
  6 quokkas
  A ball python skeleton (D:5)
  2 frilled lizards
  A giant cockroach zombie (D:5)
  A jackal zombie (D:6)
  17 kobolds
  A quokka skeleton (D:7)
  A quokka zombie (D:9)
  17 rats
  A plant (Lair:4)
598 creatures vanquished.

Vanquished Creatures (others)
  A centaur zombie (D:14)
  A yaktaur (D:14)
  2 humans (D:14)
  A crimson imp (D:5)
  An orc priest (D:5)
  A worker ant (D:14)
  A worm (D:5)
  2 orcs
  8 fungi
  6 plants
24 creatures vanquished.

Grand Total: 622 creatures vanquished

Notes
Turn   | Place    | Note
-------+----------+-------------------------------------------
     0 | D:1      | JeffiDaFish the Gargoyle Fighter began the quest for the Orb.
     0 | D:1      | Reached XP level 1. HP: 14/14 MP: 1/1
     1 | D:1      | Noticed an electric eel
   192 | D:1      | Reached XP level 2. HP: 19/19 MP: 2/2
   899 | D:2      | Reached XP level 3. HP: 23/23 MP: 3/3
   907 | D:2      | Noticed a hand axe
   908 | D:2      | Noticed a hand axe
   910 | D:2      | Found a hide-covered altar of Uskayaw.
  1228 | D:2      | Reached XP level 4. HP: 18/28 MP: 4/4
  1699 | D:3      | Found a glowing drain.
  1750 | Sewer    | Entered a sewer
  1920 | Sewer    | Reached XP level 5. HP: 26/32 MP: 5/5
  1951 | Sewer    | Noticed a big kobold
  1968 | Sewer    | Killed a big kobold
  2099 | Sewer    | Noticed a big kobold
  2110 | Sewer    | Killed a big kobold
  2110 | Sewer    | Reached skill level 1 in Dodging
  2110 | Sewer    | Reached skill level 5 in Shields
  2110 | Sewer    | Reached XP level 6. HP: 36/38 MP: 6/6
  2476 | D:4      | Found a staircase to the Ecumenical Temple.
  2480 | Temple   | Entered the Ecumenical Temple
  2489 | Temple   | Became a worshipper of Makhleb the Destroyer
  2507 | D:4      | Noticed Dowan
  2509 | D:4      | Noticed Duvessa
  2523 | D:4      | Killed Duvessa
  2532 | D:4      | Killed Dowan
  2532 | D:4      | Reached XP level 7. HP: 36/42 MP: 7/7
  2574 | D:4      | Reached skill level 5 in Maces & Flails
  2813 | D:4      | Found a sacrificial altar of Ru.
  3034 | D:4      | Reached * piety under Makhleb
  3132 | D:5      | Entered Level 5 of the Dungeon
  3136 | D:5      | Reached skill level 5 in Armour
  3220 | D:5      | Learned a level 1 spell: Sting
  3238 | D:5      | Found a glowing golden altar of the Shining One.
  3239 | D:5      | Noticed Nathiuz's ghost (novice DsAK)
  3256 | D:5      | Killed Nathiuz's ghost
  3256 | D:5      | Reached XP level 8. HP: 25/48 MP: 8/8
  3441 | D:5      | Noticed Pikel
  3468 | D:5      | Killed Pikel
  3468 | D:5      | Reached skill level 5 in Fighting
  3513 | D:5      | Noticed Grinder
  3524 | D:5      | Killed Grinder
  3524 | D:5      | Reached skill level 1 in Stealth
  3524 | D:5      | Reached XP level 9. HP: 49/54 MP: 9/9
  3794 | D:5      | Noticed Prince Ribbit
  3807 | D:5      | Killed Prince Ribbit
  3832 | D:5      | Found a basalt altar of Yredelemnul.
  3898 | D:5      | Found a sparkling altar of Nemelex Xobeh.
  3900 | D:5      | Found a white marble altar of Elyvilon.
  4605 | D:6      | Found an iron altar of Okawaru.
  5244 | D:7      | Reached ** piety under Makhleb
  5534 | D:7      | Gained mutation: You are frail. (-10% HP) [potion of mutation]
  5534 | D:7      | Gained mutation: You have a pair of small horns on your head. [potion of mutation]
  5534 | D:7      | Gained mutation: You are partially covered in molten scales. (AC +2) [potion of mutation]
  5895 | D:7      | Found a stormy altar of Qazlal.
  5896 | D:7      | Found a glowing silver altar of Zin.
  5935 | D:7      | Reached XP level 10. HP: 54/54 MP: 10/10
  6174 | D:8      | Found Ylit's Magic Scroll Shop.
  6179 | D:8      | Bought a scroll of brand weapon for 220 gold pieces
  6339 | D:8      | Found a hazy altar of Hepliaklqana.
  6420 | D:8      | Found a radiant altar of Vehumet.
  6430 | D:8      | Reached *** piety under Makhleb
  6722 | D:8      | Reached skill level 10 in Maces & Flails
  6777 | D:8      | Noticed a three-headed hydra
  6787 | D:8      | Killed a three-headed hydra
  6843 | D:9      | Got a polished long sword
  6844 | D:9      | Identified the +9 long sword of the Beast {slice, Str+3 SInv} (You found it on level 9 of the Dungeon)
  6871 | D:9      | Reached skill level 1 in Long Blades
  6888 | D:9      | Noticed a cyclops
  6900 | D:9      | Killed a cyclops
  6900 | D:9      | Reached skill level 3 in Long Blades
  6900 | D:9      | Reached XP level 11. HP: 42/60 MP: 11/11
  6910 | D:9      | Found Senla's Antique Weapon Emporium.
  7085 | D:9      | Reached skill level 4 in Long Blades
  7159 | D:9      | Reached **** piety under Makhleb
  7375 | D:9      | Reached skill level 5 in Long Blades
  7568 | D:10     | Entered Level 10 of the Dungeon
  8076 | D:10     | Noticed an unseen horror
  8087 | D:10     | Killed an unseen horror
  8264 | D:10     | Reached skill level 6 in Long Blades
  8565 | D:11     | Noticed a hill giant
  8576 | D:11     | Killed a hill giant
  8768 | D:11     | Reached skill level 7 in Long Blades
  8770 | D:11     | Noticed a cyclops
  8780 | D:11     | Killed a cyclops
  8835 | D:11     | Reached skill level 8 in Long Blades
  8956 | D:11     | Reached skill level 9 in Long Blades
  8963 | D:11     | Reached ***** piety under Makhleb
  8975 | D:11     | Found a staircase to the Lair.
  8978 | D:11     | Noticed a cyclops
  8988 | D:11     | Killed a cyclops
  8988 | D:11     | Reached XP level 12. HP: 55/64 MP: 12/12
  9069 | D:11     | Noticed Psyche
  9079 | D:11     | Killed Psyche
  9246 | D:11     | Reached skill level 10 in Long Blades
  9383 | D:11     | Noticed Harold
  9400 | D:11     | Killed Harold
  9732 | D:11     | Noticed Nergalle
  9741 | D:11     | Killed Nergalle
  9805 | D:11     | Reached skill level 11 in Long Blades
 10055 | Lair:1   | Entered Level 1 of the Lair of Beasts
 10329 | Lair:1   | Reached skill level 12 in Long Blades
 10339 | Lair:1   | Reached skill level 10 in Shields
 10412 | Lair:1   | Reached skill level 1 in Conjurations
 10512 | Lair:1   | Reached XP level 13. HP: 70/70 MP: 13/13
 10825 | Lair:1   | Noticed Erica
 10836 | Lair:1   | Killed Erica
 10836 | Lair:1   | Reached skill level 1 in Spellcasting
 11264 | Lair:2   | Reached skill level 1 in Poison Magic
 11913 | Lair:3   | Found a hole to the Spider Nest.
 12060 | Lair:3   | Found a staircase to the Swamp.
 12914 | Lair:4   | Found a hide-covered altar of Uskayaw.
 13056 | Lair:4   | Reached ****** piety under Makhleb
 13791 | Lair:5   | Found a staircase to the Slime Pits.
 13986 | Lair:5   | Found a snail-covered altar of Cheibriados.
 14093 | Lair:5   | Noticed Josephine
 14113 | Lair:5   | Killed Josephine
 14487 | Lair:6   | Entered Level 6 of the Lair of Beasts
 14498 | Lair:6   | Gained mutation: Your large and strong wings let you fly indefinitely. [Gargoyle growth]
 14498 | Lair:6   | Reached XP level 14. HP: 77/77 MP: 17/17
 14709 | Lair:6   | Reached skill level 10 in Armour
 15134 | Lair:6   | Reached skill level 13 in Long Blades
 15212 | Lair:6   | Noticed a dire elephant
 15229 | Lair:6   | Killed a dire elephant
 15262 | Lair:6   | Got a faintly glowing lead ring
 15264 | Lair:6   | Identified the ring of Raaff {Wiz rPois MR++ MP-9 Str+4} (You found it on level 6 of the Lair of Beasts)
 15477 | Lair:6   | Got a brightly glowing cloak
 15483 | Lair:6   | Identified the cursed +0 cloak of Lodull {rElec rF- Int+2} (You found it on level 6 of the Lair of Beasts)
 15794 | D:12     | Found a staircase to the Orcish Mines.
 15806 | D:12     | Reached skill level 10 in Fighting
 16104 | D:12     | Identified a scroll of acquirement
 16259 | D:12     | Reached skill level 5 in Conjurations
 16543 | D:13     | Learned a level 3 spell: Confuse
 16972 | D:13     | Got a translucent trident
 16973 | D:13     | Identified the +4 trident "Qotzelar" {pierce, +Fly rF++ MR-} (You found it on level 13 of the Dungeon)
 17204 | D:14     | Noticed Kirke
 17212 | D:14     | Reached XP level 15. HP: 82/82 MP: 11/20
 17230 | D:14     | Killed Kirke
 17286 | D:14     | Found a gate to the Vaults.
 17318 | D:14     | Found Lehuarix's Changing Room.
 17379 | D:14     | Bought a potion of beneficial mutation for 630 gold pieces
 17379 | D:14     | Gained mutation: You have sharp toenails. [potion of beneficial mutation]
 17414 | D:14     | Noticed Roxanne
 17561 | D:14     | Noticed Frances
 17576 | D:14     | Killed Frances
 17857 | D:14     | Reached skill level 5 in Poison Magic
 17868 | D:14     | Learned a level 5 spell: Venom Bolt
 18024 | D:14     | Killed from afar by Roxanne

Skill      XL: |  1  2  3  4  5  6  7  8  9 10 11 12 13 14 15 |
---------------+----------------------------------------------+-----
Shields        | 4 5 6 7 8 9 10 11 12 | 12.6
Maces & Flails | 3 4 6 7 9 10 | 10.4
Armour         | 4 5 6 7 8 9 10 11 | 11.2
Dodging        | 1 2 |  2.2
Fighting       | 4 5 6 7 9 10 | 10.8
Stealth        | 1 |  1.2
Long Blades    | 3 9 12 13 | 13.4
Conjurations   | 1 3 5 |  5.9
Spellcasting   | 2 3 |  3.9
Poison Magic   | 2 4 5 |  5.0

Action                   |  1- 3 |  4- 6 |  7- 9 | 10-12 | 13-15 || total
-------------------------+-------+-------+-------+-------+-------++-------
Melee: Flail             |    22 |       |       |       |       ||    22
       Whip              |    77 |   158 |   356 |       |       ||   591
       Mace              |       |       |    24 |   209 |       ||   233
       Headbutt          |       |       |    15 |   151 |   264 ||   430
       Long sword        |       |       |       |   559 |  1056 ||  1615
       Kick              |       |       |       |       |    52 ||    52
  Use: Scroll            |     8 |     4 |     6 |     7 |    11 ||    36
       Potion            |     2 |     5 |     7 |       |     7 ||    21
  Eat: Chunk             |     1 |     5 |    13 |    20 |    24 ||    63
       Royal jelly       |       |       |     1 |       |     1 ||     2
       Fruit             |       |       |       |     1 |       ||     1
Armor: Scale mail        |    17 |       |       |       |       ||    17
       Chain mail        |    37 |    64 |    29 |       |       ||   130
       Plate armour      |       |       |    98 |   332 |   354 ||   784
Dodge: Dodged            |    21 |    21 |    51 |   114 |   122 ||   329
Block: Shield            |    66 |   103 |   195 |   712 |   860 ||  1936
       Reflection        |       |       |       |     7 |    21 ||    28
       Rpst.: Long sword |       |       |       |    26 |    35 ||    61
